 Dungeon Crawl Stone Soup version 0.16.0-5-g717f7e7 (webtiles) character file.

1129 ProjectEKO the Firebug (level 8, -7/41 HPs)
             Began as a Deep Elf Fire Elementalist on Mar 15, 2015.
             Was a Follower of Vehumet.
             Killed from afar by Ijyb (8 damage)
             ... with a wand of draining
             ... on level 6 of the Dungeon.
             The game lasted 00:13:02 (4921 turns).

ProjectEKO the Firebug (Deep Elf Fire Elementalist) Turns: 4921, Time: 00:13:03

Health: -7/41      AC:  6    Str:  5    XL:     8   Next: 13%
Magic:  7/22       EV: 12    Int: 27    God:    Vehumet [*.....]
Gold:   203        SH:  5    Dex: 15    Spells: 4 memorised, 4 levels left

rFire  x . .     SeeInvis .     w - +7 dagger of War {venom, rPois rF- rN+}
rCold  . . .     Clarity  .     a - +0 robe
rNeg   + . .     SustAb   .     h - +0 buckler
rPois  +         Gourm    .     (no helmet)
rElec  .         Spirit   .     t - +0 cloak
rCorr  .         Warding  .     s - +1 pair of gloves
rMut   .         Stasis   .     k - +0 pair of boots
MR     .....                    (no amulet)
Stlth  ++........               x - ring of teleport control
                                d - +4 ring of intelligence

@: drained, not resistant to hostile enchantments, unstealthy
A: no striking features
a: Renounce Religion, Evoke Teleport Control


You were on level 6 of the Dungeon.
You worshipped Vehumet.
Vehumet was aware of your devotion.
You were not hungry.

You visited 2 branches of the dungeon, and saw 7 of its levels.

You collected 203 gold pieces.


   Skills:
 - Level 2.4(2.1) Dodging
 - Level 2.4(2.1) Stealth
 + Level 4.4(4.1) Shields
 - Level 3.5(3.2) Spellcasting
 + Level 5.5(5.3) Conjurations
 - Level 7.1(6.8) Fire Magic


You had 4 spell levels left.
You knew the following spells:

 Your Spells              Type           Power        Failure   Level  Hunger
c - Sticky Flame          Conj/Fire      #####...     10%         4    ####...
x - Throw Flame           Conj/Fire      #####.       1%          2    #......
y - Conjure Flame         Conj/Fire      #####...     2%          3    ###....
z - Flame Tongue          Conj/Fire      #####        1%          1    None

Inventory:

Hand weapons
 u - a +1 short sword of venom
 w - the +7 dagger of War (weapon) {venom, rPois rF- rN+}
   (You found it on level 5 of the Dungeon)

   It poisons the flesh of those it strikes.
   It makes you vulnerable to fire.
   It protects you from poison.
   It protects you from negative energy.
Armour
 a - a +0 robe (worn)
 h - a +0 buckler (worn)
 k - a +0 pair of boots (worn)
 s - a +1 pair of gloves (worn)
 t - a +0 cloak (worn)
Jewellery
 d - a +4 ring of intelligence (left hand)
 p - an uncursed ring of fire
 x - a ring of teleport control (right hand)
 y - a +2 ring of evasion
Magical devices
 l - a wand of hasting (3) {!d}
Scrolls
 g - 2 scrolls of enchant weapon
 m - a scroll of remove curse
 q - a scroll of amnesia
 v - a scroll of immolation {!r}
Potions
 e - 3 potions of cancellation
 f - a potion of curing
 i - 6 potions of restore abilities
 n - a potion of magic {unknown}
 o - a potion of poison {unknown}
Books
 b - a book of Flames

   Spells                             Type                      Level
   a - Flame Tongue                   Conjuration/Fire             1
   b - Throw Flame                    Conjuration/Fire             2
   c - Conjure Flame                  Conjuration/Fire             3
   d - Inner Flame                    Hexes/Fire                   3
   e - Sticky Flame                   Conjuration/Fire             4
   f - Fireball                       Conjuration/Fire             5
 j - a Young Poisoner's Handbook

   Spells                             Type                      Level
   a - Sting                          Conjuration/Poison           1
   b - Cure Poison                    Poison                       2
   c - Mephitic Cloud                 Conjuration/Poison/Air       3
   d - Olgreb's Toxic Radiance        Poison                       4
   e - Venom Bolt                     Conjuration/Poison           5
Comestibles
 c - 3 bread rations
 r - a meat ration
 z - 2 beef jerkies
 A - a royal jelly

Dungeon Overview and Level Annotations

Branches:
Dungeon (6/15)             Temple (1/1) D:4

Altars:
Ashenzari
Cheibriados
Dithmenos
Elyvilon
Fedhas
Gozag
Kikubaaqudgha
Makhleb
Nemelex Xobeh
Okawaru
Qazlal
Ru
Sif Muna
Trog
Vehumet
Xom
Yredelemnul
Zin

Annotations:
D:6 Blork the orc, Ijyb

... .... .....####
##......# ####
.......# .....
.....# #..###
#.g.# #....### #e#
#...#####.#
......5.##..o.##.#
....... ####.##.#
....g.. #.##.##
..(..o. #o.o..#
###### ###...#
#....##
.......##.#


You could see Blork the orc and Ijyb.


Message History

No previous command to re-do.
Butt previous command to re-do.
Blork the orc gestures at you while chanting.
The puff of frost misses butt.
You start resting.
Blork the orc zaps a wand.
The magic dart hits you!
* * * LOW HITPOINT WARNING * * *
Aiming: Sticky Flame
Aim: Blork the orc, wielding a dire flail, wearing a robe and carrying a wand of magic darts {zapped: 2} The sticky flame hits Blork the orc.
Blork the orc is lightly wounded.
Blork the orc is covered in liquid flames!
Blork the orc burns!
Blork the orc zaps a wand.
The magic dart hits you!
* * * BUTT HITPOINT WARNING * * *
Blork the orc burns!
Blork the orc points at you and mumbles some strange words.
The puff of frost misses you.
Blork the orc burns!
Blork the orc zaps a wand.
The magic dart hits butt!
* * * LOW HITPOINT WARNING * * *
Drink which butt? (? for menu, Esc to quit)
Okay, then.
There is a stone staircase leading down here.
Ijyb the Twisted Goblin comes into view.
Ijyb shouts!
Blork the orc zaps a wand.
The magic dart hits you!
* * * LOW HITPOINT WARNING * * *
Ijyb screams, "I dance on your bones!"
Butt zaps a wand.
The bolt of negative energy hits you! You partially resist.
You feel drained.
You die...

Action                   |  1- 3 |  4- 6 |  7- 9 || total
-------------------------+-------+-------+-------++-------
Melee: Whip              |    59 |    28 |       ||    87
       Short sword       |       |    62 |    38 ||   100
       Dagger            |       |       |     8 ||     8
 Cast: Flame Tongue      |    31 |    64 |    55 ||   150
       Throw Flame       |     3 |     1 |     5 ||     9
       Conjure Flame     |       |     4 |     1 ||     5
       Sticky Flame      |       |     3 |     4 ||     7
  Use: Scroll            |       |     8 |     3 ||    11
 Stab: Sleeping          |     3 |     3 |     2 ||     8
  Eat: Chunk             |     3 |     7 |     4 ||    14

Vault maps used:
D:1:      roderic_octagonal_star, minmay_misc_feat_four_crosses
D:2:      nicolae_overflow_hidden_temple, kennysheep_generic_room_4
D:3:      uniq_natasha
D:4:      nicolae_dithmenos_shadow_blocks, lemuel_crystal_altar, nemelex_deck,
          minmay_temple_entry_purple_smoke, minivault_1, corner_web_ring,
          lemuel_flame_loot_1
D:5:      overflow_temple_1_default, first_bread, uniq_edmund
D:6:      uniq_iyjb, uniq_blork_the_orc
Temple:   nicolae_temple_figure_eight

Notes
Turn   | Place    | Note
--------------------------------------------------------------
     0 | D:1      | ProjectEKO, the Deep Elf Fire Elementalist, began the quest for the Orb.
     0 | D:1      | Reached XP level 1. HP: 10/10 MP: 5/5
   352 | D:1      | Reached skill level 4 in Fire Magic
   352 | D:1      | Reached XP level 2. HP: 15/15 MP: 4/8
   759 | D:2      | Reached skill level 1 in Shields
   759 | D:2      | Reached XP level 3. HP: 10/19 MP: 3/10
  1159 | D:2      | Learned a level 2 spell: Throw Flame
  1307 | D:2      | Learned a level 3 spell: Conjure Flame
  1626 | D:2      | Found a stormy altar of Qazlal.
  1787 | D:3      | Reached XP level 4. HP: 20/24 MP: 3/13
  1999 | D:3      | Noticed Natasha
  2003 | D:3      | Killed Natasha
  2003 | D:3      | Reached skill level 2 in Conjurations
  2003 | D:3      | Reached skill level 5 in Fire Magic
  2056 | D:3      | Noticed Natasha
  2061 | D:3      | Killed Natasha
  2096 | D:3      | Noticed Natasha
  2106 | D:3      | Killed Natasha
  2189 | D:3      | Reached XP level 5. HP: 28/28 MP: 12/16
  2263 | D:3      | Learned a level 4 spell: Sticky Flame
  2612 | D:4      | Found a shadowy altar of Dithmenos.
  2733 | D:4      | Noticed an ogre
  2755 | D:4      | Killed an ogre
  2755 | D:4      | Reached skill level 3 in Conjurations
  2777 | D:4      | Reached XP level 6. HP: 22/32 MP: 3/18
  3042 | D:4      | Found a staircase to the Ecumenical Temple.
  3055 | D:4      | Reached skill level 6 in Fire Magic
  3074 | D:4      | Reached skill level 2 in Shields
  3113 | Temple   | Entered the Ecumenical Temple
  3134 | Temple   | Became a worshipper of Vehumet
  3670 | D:4      | Noticed an ice beast
  3682 | D:4      | Killed an ice beast
  3682 | D:4      | Reached XP level 7. HP: 36/36 MP: 13/20
  3714 | D:4      | Found a sparkling altar of Nemelex Xobeh.
  3750 | D:4      | Found a shattered altar of Ashenzari.
  3847 | D:4      | Reached skill level 3 in Shields
  3847 | D:4      | Reached skill level 7 in Fire Magic
  4109 | D:5      | Entered Level 5 of the Dungeon
  4310 | D:5      | Noticed Edmund
  4326 | D:5      | Killed Edmund
  4326 | D:5      | Acquired Vehumet's first power
  4326 | D:5      | Offered knowledge of Shock by Vehumet.
  4326 | D:5      | Reached skill level 4 in Conjurations
  4377 | D:5      | Got a dazzling dagger
  4378 | D:5      | Identified the +7 dagger of War {venom, rPois rF- rN+} (You found it on level 5 of the Dungeon)
  4495 | D:5      | Reached skill level 4 in Shields
  4495 | D:5      | Reached skill level 5 in Conjurations
  4495 | D:5      | Reached XP level 8. HP: 36/41 MP: 5/22
  4555 | D:5      | Found an ancient bone altar of Kikubaaqudgha.
  4889 | D:6      | Noticed Blork the orc
  4917 | D:6      | Noticed Ijyb
  4920 | D:6      | HP: 1/41 [Blork the orc/wand of magic darts (5)]
  4921 | D:6      | Killed from afar by Ijyb

Vanquished Creatures
  Edmund (D:5)
  3 phantoms
  2 ice beasts
  An ogre (D:4)
  A scorpion (D:4)
  A giant frog zombie (D:5)
  A goliath beetle (D:4)
  A crimson imp (D:4)
  A quasit (D:6)
  An orc priest (D:4)
  A worker ant (D:4)
  Natasha (thrice) (D:3)
  An iguana (D:4)
  2 orc wizards (D:4)
  6 adders
  A giant mite (D:1)
  6 worms
  2 giant geckos
  2 oozes
  13 orcs
  A ball python (D:3)
  A bat skeleton (D:5)
  3 giant cockroaches
  9 hobgoblins
  11 jackals
  11 kobolds
  3 quokkas
  9 bats
  5 giant newts
  11 goblins
  A quokka skeleton (D:5)
  11 rats
126 creatures vanquished.

Vanquished Creatures (others)
  A worker ant (D:4)
  A giant cockroach (D:4)
2 creatures vanquished.

Grand Total: 128 creatures vanquished
